 Dungeon Crawl Stone Soup version 0.29-a0-91-gdebf4667c2 (webtiles) character file.

Game seed: 2381280214161790105

21 Hubjo the Sneak (level 2, -2/21 HPs)
             Began as a Vampire Enchanter on Feb 7, 2022.
             Was an Initiate of Yredelemnul.
             Slain by a gnoll (3 damage)
             ... on level 2 of the Dungeon.
             The game lasted 00:05:19 (1061 turns).

Hubjo the Sneak (Vampire Enchanter)                 Turns: 1061, Time: 00:05:20

Health: -2/21      AC:  2    Str:  7    XL:     2   Next: 62%
Magic:  14/14      EV: 12    Int: 17    God:    Yredelemnul [......]
Gold:   47         SH:  0    Dex: 14    Spells: 5/5 levels left

rFire   . . .      SeeInvis +   a - +1 dagger
rCold   . . .      Faith    .   (no shield)
rNeg    . . .      Spirit   .   b - +0 robe
rPois   .          Reflect  .   (no helmet)
rElec   .          Harm     .   (no cloak)
rCorr   .          Rampage  .   (no gloves)
Will    .....                   (no boots)
Stlth   +++.......              (no amulet)
HPRegen 0.27/turn               e - ring of magical power
MPRegen 0.14/turn               (no ring)

@: healing quickly
A: alive, fangs 3, see invisible, vampiric 1
a: Exsanguinate, Renounce Religion, Recall Undead Harvest


You were on level 2 of the Dungeon.
You worshipped Yredelemnul.
Yredelemnul was noncommittal.
You visited 1 branch of the dungeon, and saw 2 of its levels.

You collected 47 gold pieces.

Inventory:

Hand Weapons
 a - a +1 dagger (weapon)
Missiles
 h - 38 bolts
Armour
 b - a +0 robe (worn)
Jewellery
 e - a ring of magical power (left hand)
Scrolls
 d - a scroll of amnesia {unknown}
 f - a scroll of identify {unknown}
 i - a scroll of immolation
Potions
 c - a potion of invisibility
 j - a potion of might {unknown}


   Skills:
 * Level 1.0 Fighting
 + Level 1.5 Short Blades
 + Level 2.3 Dodging
 * Level 5.0 Stealth
 - Level 2.0 Spellcasting
 + Level 4.5 Hexes


You had 5 spell levels left.
You didn't know any spells.
Your spell library contained the following spells:

 Spells                   Type           Power      Damage    Failure   Level
 Confusing Touch          Hex            17%        N/A       9%          3
 Tukima's Dance           Hex            17%        N/A       9%          3
 Ensorcelled Hibernation  Hex/Ice        18%        N/A       12%         2
 Dazzling Flash           Conj/Hex       18%        N/A       22%         3
 Yara's Violent Unravell  Hex/Tmut       4%         3d4       91%         5
 Enfeeble                 Hex            8%         N/A       100%        7


Dungeon Overview and Level Annotations

Branches:
Dungeon (2/15)

Altars:
Yredelemnul

Shops:
D:1 =


Innate Abilities, Weirdness & Mutations

Your natural rate of healing is accelerated.
You have razor-sharp teeth.
You have supernaturally acute eyesight. (SInv)
You are afflicted with vampirism.


Message History

You swap places.
Your quokka zombie bites something.
Something hits your quokka zombie!
Your quokka zombie is destroyed!
Your bat zombie barely misses something.
Your bat zombie closely misses something.
Your bat zombie closely misses something.
Your bat zombie hits something.
Your bat zombie hits something but does no damage.
Your bat zombie hits something. x2; Something hits your bat zombie!
Your bat zombie is destroyed!
Your rat zombie barely misses the gnoll.
The gnoll hits your rat zombie with a +0 whip.
Your rat zombie bites the gnoll.
The gnoll hits your rat zombie with a +0 whip!
Your rat zombie is destroyed!
The gnoll shouts!
The gnoll hits you with a +0 whip. The gnoll closely misses you.
The gnoll hits you with a +0 whip. The gnoll barely misses you.
The gnoll closely misses you. The gnoll barely misses you.
The gnoll hits you with a +0 whip. The gnoll barely misses you.
The gnoll misses you. The gnoll hits you with a +0 whip.
* * * LOW HITPOINT WARNING * * *
The gnoll hits you with a +0 whip.
* * * LOW HITPOINT WARNING * * *
The gnoll closely misses you. The gnoll misses you.
The gnoll barely misses you. The gnoll barely misses you.
The gnoll hits you but does no damage. The gnoll completely misses you.
The gnoll hits you with a +0 whip.
* * * LOW HITPOINT WARNING * * *
You drop a fuming cyan potion.
The gnoll hits you with a +0 whip.
You die...
Yredelemnul claims you as an undead slave.

####### #.g@..#
#.###.# #...#Z#
..# ###.#.#
......#..# .#Z#
#........# ###.#
#.....##.# #.'.#
.....##.# ###.###
#...##.#####....#


You could see a gnoll.

Vanquished Creatures
  A bat (D:2)
  An endoplasm (D:1)
  A goblin (D:1)
  2 hobgoblins (D:1)
  2 kobolds (D:1)
  3 quokkas
  2 ball pythons (D:1)
  A frilled lizard (D:1)
  3 rats
16 creatures vanquished.

Vanquished Creatures (collateral kills)
  A bat (D:1)
  A quokka (D:2)
2 creatures vanquished.

Vanquished Creatures (others)
  A bat zombie (D:2)
  A quokka zombie (D:2)
  A rat zombie (D:2)
3 creatures vanquished.

Grand Total: 21 creatures vanquished

Notes
Turn   | Place    | Note
-------+----------+-------------------------------------------
     0 | D:1      | Hubjo the Vampire Enchanter began the quest for the Orb.
     0 | D:1      | Reached XP level 1. HP: 13/13 MP: 3/3
   210 | D:1      | Found a faded altar of an unknown god.
   219 | D:1      | Prayed at the altar of an unknown god.
   219 | D:1      | Became a worshipper of Yredelemnul the Dark
   219 | D:1      | Reached * piety under Yredelemnul
   280 | D:1      | Reached XP level 2. HP: 16/20 MP: 5/5
   536 | D:1      | Found Evviwk's Jewellery Emporium.
   887 | D:2      | Reached skill level 5 in Stealth
   945 | D:2      | Reached skill level 1 in Fighting
  1060 | D:2      | HP: 1/21 [gnoll (4)]
  1061 | D:2      | Slain by a gnoll

Illustrated notes

Levels and vault maps discovered:
D:1:      ncdulo_lavacross, layout_basic, hellmonk_ecumenical_altar_blasted,
          serial_shops, nicolae_square_shop,
          nicolae_concentric_dashed_squares_wild
D:2:      minmay_chambers_of_ones, layout_basic

Skill      XL: |  1  2 |
---------------+-------+-----
Stealth        | 5 |  5.0
Fighting       | 1 |  1.0
Short Blades   | |  1.5
Dodging        | |  2.3
Spellcasting   | |  2.0
Hexes          | |  4.5

Action                   || total
-------------------------++-------
Melee: Dagger            ||    67
       Bite              ||     5
 Stab: Sleeping          ||     7
Armor: Robe              ||     8
Dodge: Dodged            ||    50

Table legend: (Time is in decaauts)
 A = Elapsed time spent in this place.
 B = Non-inter-level travel time spent in this place.
 C = Inter-level travel time spent in this place.
 D = Time resting spent in this place.
 E = Time spent auto-exploring this place.
 F = Levels seen in this place.
 G = Mean time per level.
                   A        B        C        D        E       F      G
               +--------+--------+--------+--------+--------+-----+--------+
         Total |   1056 |    814 |    242 |      0 |    548 |   2 |  528.0 |
       Dungeon |   1056 |    814 |    242 |      0 |    548 |   2 |  528.0 |
               +--------+--------+--------+--------+--------+-----+--------+

Top non-repeatable levels by time:
     D:1: 836 daAuts
     D:2: 219 daAuts
